 Dungeon Crawl Stone Soup version 0.24-a0-375-g4de66ed42b (webtiles) character file.

Game seed: 4342194712541467355

2224 Ezendos the Skirmisher (level 9, -1/72 HPs)
             Began as a Demonspawn Necromancer on May 31, 2019.
             Was a Believer of Kikubaaqudgha.
             Succumbed to an orc wizard's poison
             ... on level 6 of the Dungeon.
             The game lasted 00:30:26 (8173 turns).

Ezendos the Skirmisher (Demonspawn Necromancer)     Turns: 8173, Time: 00:30:26

Health: -1/72      AC: 16    Str: 16    XL:     9   Next: 13%
Magic:  13/13      EV: 13    Int: 24    God:    Kikubaaqudgha [**....]
Gold:   282        SH:  0    Dex: 14    Spells: 5/14 levels left

rFire    + + .     SeeInvis .   a - +0 falchion (elec)
rCold    . . .     Gourm    .   (no shield)
rNeg     . . .     Faith    .   K - +5 leather armour "Wericiw" {rF+ Int+2}
rPois    .         Spirit   .   (no helmet)
rElec    .         Reflect  .   M - +2 cloak
rCorr    .         Harm     .   (no gloves)
MR       .....                  e - +0 pair of boots
Stlth    +.........             k - amulet of the acrobat
HPRegen  0.22/turn              g - +4 ring of protection
MPRegen  0.13/turn              C - ring of wizardry

@: confused, mighty, brilliant, lethally poisoned (-1 -> -44), very slightly
contaminated, lightly drained
A: claws 1, fire resistance 1, powered by pain 2
a: Receive Corpses, Renounce Religion


You were on level 6 of the Dungeon.
You worshipped Kikubaaqudgha.
Kikubaaqudgha was pleased with you.
You were hungry.

You visited 2 branches of the dungeon, and saw 7 of its levels.

You collected 282 gold pieces.

Inventory:

Hand Weapons
 a - a +0 falchion of electrocution (weapon)
 b - a +1 dagger of venom
 v - a +0 hunting sling
Missiles
 j - 166 stones
 o - 14 curare-tipped darts
 u - 20 poisoned darts (quivered)
Armour
 e - a +0 pair of boots (worn)
 h - a +0 cloak
 p - a +0 ring mail
 x - a scarf of resistance
 K - the +5 leather armour "Wericiw" (worn) {rF+ Int+2}
   (You found it on level 5 of the Dungeon)

   It affects your intelligence (+2).
   It protects you from fire.
 M - a +2 cloak (worn)
Jewellery
 g - a +4 ring of protection (left claw)
 k - an amulet of the acrobat (around neck)
 z - an uncursed ring of protection from fire
 C - a ring of wizardry (right claw)
 F - an uncursed ring of magical power
Scrolls
 d - 2 scrolls of amnesia
 f - a scroll of fog
 i - 2 scrolls of immolation
 l - 3 scrolls of teleportation
 t - a scroll of blinking
 y - 2 scrolls of fear
 A - a scroll of enchant weapon {unknown}
 I - a scroll of silence {unknown}
Potions
 m - a potion of heal wounds {unknown}
 n - 2 potions of lignification
 q - 2 potions of brilliance
 s - a potion of invisibility {unknown}
 w - a potion of cancellation
 D - a potion of curing {unknown}
 H - a potion of might
 J - a potion of ambrosia {unknown}
Comestibles
 c - 4 rations
 B - 2 chunks of flesh


   Skills:
 + Level 7.3(7.2) Fighting
 * Level 4.9(4.8) Long Blades
 + Level 4.4(4.2) Armour
 - Level 3.0(2.8) Dodging
 - Level 1.7(1.6) Stealth
 - Level 1.9(1.7) Unarmed Combat
 + Level 3.1(2.9) Spellcasting
 - Level 5.9(5.7) Necromancy


You had 5 spell levels left.
You knew the following spells:

 Your Spells              Type           Power        Failure   Level  Hunger
a - Pain                  Necr           ####         1%          1    None
b - Animate Skeleton      Necr           N/A          1%          1    None
c - Animate Dead          Necr           N/A          1%          4    ####...
d - Regeneration          Chrm/Necr      ####......   1%          3    ###....

Your spell library contained the following spells:

 Spells                   Type           Power        Failure   Level  Hunger
 Sublimation of Blood     Necr           #####.....   1%          2    ##.....
 Vampiric Draining        Necr           #####.....   1%          3    ###....


Dungeon Overview and Level Annotations

Branches:
Dungeon (6/15)             Temple (1/1) D:5

Altars:
Elyvilon
Fedhas
Hepliaklqana
Kikubaaqudgha
Nemelex Xobeh
Sif Muna
The Shining One

Shops:
D:4 (

Annotations:
D:2 1 runed translucent door, Crazy Yiuf
D:3 2 transporters, HAL9000's ghost, amateur VSAs


Innate Abilities, Weirdness & Mutations

You have sharp fingernails.
Your flesh is heat resistant. (rF+)
You sometimes gain power by taking damage.


Message History

The gnoll shouts!
* * * LOW HITPOINT WARNING * * *
You feel very sick.
A gnoll comes into view. It is wielding a +0 spear.
The gnoll barely misses you. Something hits you but does no damage.
You are more poisoned.
The orc wizard gestures wildly while chanting.
The orc wizard seems to speed up.
* * * LOW HITPOINT WARNING * * *
You feel very sick.
You see here a goblin corpse.
It was a potion of brilliance.
You feel clever all of a sudden.
* * * LOW HITPOINT WARNING * * *
You feel very sick.
You hear some strange, mumbled words.
You are confused.
It was a potion of magic.
Magic courses through your body.
You die...
Kikubaaqudgha rasps: "You have failed me!
Welcome... death!"

###### ####.##.# #.....#.#
#.....#.# #######.....÷.#
#.............#
#......#####..#
####............>#
#....))...##...###
#@##......##...#
###########{##......##...#
........o)g†##......##...#
.........#####......##...#
.......g.....#########...#
......g.####.# #####
........# (......?.
......{.#


You could see a gnoll.

Vanquished Creatures
  A centaur skeleton (D:6)
  Sigmund (D:3)
  A sky beast (D:6)
  A necrophage (D:6)
  An ogre (D:5)
  A phantom (D:6)
  2 ice beasts
  A centaur (D:5)
  A bullfrog (D:6)
  A scorpion (D:4)
  4 wights (D:6)
  A jelly (D:6)
  A crimson imp (D:5)
  A quasit (D:6)
  A hound (D:4)
  3 orc priests
  4 orc wizards
  A bullfrog skeleton (D:6)
  Jessica (D:3)
  Ijyb (D:2)
  2 iguanas
  6 worker ants
  A killer bee zombie (D:6)
  A hound skeleton (D:6)
  4 gnolls (D:6)
  3 adders
  2 oozes
  2 worms (D:2)
  4 dart slugs
  4 leopard geckos
  21 orcs
  10 giant cockroaches
  12 goblins
  8 hobgoblins
  3 jackals (D:5)
  6 quokkas
  A ball python (D:4)
  6 bats
  6 frilled lizards
  A jackal zombie (D:2)
  8 kobolds
  A quokka skeleton (D:5)
  9 rats
150 creatures vanquished.

Vanquished Creatures (collateral kills)
  A wight (D:6)
  A bat (D:1)
  A jackal (D:5)
  A quokka zombie (D:5)
4 creatures vanquished.

Vanquished Creatures (others)
  A plant (D:3)
1 creature vanquished.

Grand Total: 155 creatures vanquished

Notes
Turn   | Place    | Note
-------+----------+-------------------------------------------
     0 | D:1      | Ezendos the Demonspawn Necromancer began the quest for the
                  | Orb.
     0 | D:1      | Reached XP level 1. HP: 13/13 MP: 3/3
   108 | D:1      | Reached skill level 1 in Fighting
   511 | D:1      | Gained mutation: You have sharp fingernails. [demonic
                  | ancestry]
   511 | D:1      | Reached XP level 2. HP: 9/22 MP: 0/5
  1035 | D:1      | Learned a level 1 spell: Animate Skeleton
  1102 | D:1      | Reached skill level 2 in Fighting
  1704 | D:2      | Gained mutation: You sometimes gain a little power by
                  | taking damage. [demonic ancestry]
  1704 | D:2      | Reached XP level 3. HP: 28/28 MP: 6/6
  1879 | D:2      | Found a deep blue altar of Sif Muna.
  2252 | D:2      | Reached skill level 3 in Fighting
  2252 | D:2      | Reached skill level 1 in Unarmed Combat
  2277 | D:2      | Found a white marble altar of Elyvilon.
  2314 | D:2      | Noticed an ogre
  2856 | D:2      | Found a runed translucent door.
  2857 | D:2      | Noticed Crazy Yiuf
  2894 | D:2      | Reached XP level 4. HP: 27/35 MP: 0/7
  2901 | D:2      | Noticed Ijyb
  2956 | D:2      | Killed Ijyb
  3191 | D:2      | Found an ancient bone altar of Kikubaaqudgha.
  3204 | D:2      | Became a worshipper of Kikubaaqudgha
  3275 | D:2      | Found a glowing golden altar of the Shining One.
  4066 | D:3      | Gained mutation: You sometimes gain power by taking damage.
                  | [demonic ancestry]
  4066 | D:3      | Reached XP level 5. HP: 41/42 MP: 5/8
  4086 | D:3      | Found a transporter.
  4099 | D:3      | Reached * piety under Kikubaaqudgha
  4099 | D:3      | Identified Kikubaaqudgha's Collected Works on Dark Magic
                  | (Kikubaaqudgha gifted it to you on level 3 of the Dungeon)
  4099 | D:3      | Received a gift from Kikubaaqudgha
  4180 | D:3      | Noticed HAL9000's ghost (amateur VSAs)
  4218 | D:3      | Noticed Sigmund
  4276 | D:3      | Killed Sigmund
  4276 | D:3      | Reached skill level 4 in Fighting
  4276 | D:3      | Reached skill level 1 in Armour
  4276 | D:3      | Gained mutation: Your flesh is heat resistant. (rF+)
                  | [demonic ancestry]
  4276 | D:3      | Reached XP level 6. HP: 49/49 MP: 2/9
  4361 | D:3      | Noticed Jessica
  4363 | D:3      | Killed Jessica
  4669 | D:3      | Found a transporter.
  4844 | D:4      | Reached skill level 5 in Fighting
  5177 | D:4      | Found Uxuith's Weapon Emporium.
  5186 | D:4      | Reached XP level 7. HP: 56/56 MP: 10/10
  5669 | D:5      | Entered Level 5 of the Dungeon
  5686 | D:5      | Found a blossoming altar of Fedhas.
  5805 | D:5      | Reached skill level 5 in Necromancy
  5965 | D:5      | Found a staircase to the Ecumenical Temple.
  5976 | Temple   | Entered the Ecumenical Temple
  6000 | D:5      | Reached ** piety under Kikubaaqudgha
  6676 | D:5      | Reached skill level 6 in Fighting
  6761 | D:5      | Got a warped leather armour
  6868 | D:5      | Identified the +5 leather armour "Wericiw" {rF+ Int+2} (You
                  | found it on level 5 of the Dungeon)
  7073 | D:6      | Reached skill level 1 in Long Blades
  7073 | D:6      | Reached XP level 8. HP: 45/64 MP: 12/12
  7393 | D:6      | Learned a level 4 spell: Animate Dead
  7404 | D:6      | Learned a level 3 spell: Regeneration
  7539 | D:6      | Reached skill level 7 in Fighting
  7899 | D:6      | Reached XP level 9. HP: 70/72 MP: 13/13
  8172 | D:6      | HP: 3/72 [poisoned by an orc wizard]
  8173 | D:6      | Succumbed to an orc wizard's poison

Levels and vault maps discovered:
D:1:      lemuel_arrival_rhombus, layout_basic
D:2:      kennysheep_the_goblin_king, layout_basic, overflow_temple_1_default,
          elyvilon_altar_4, lemuel_round_altar, minivault_5,
          nicolae_tso_swordbearing_angel, uniq_crazy_yiuf_cottage
D:3:      layout_basic, gammafunk_ghost_gnarly_gnolls, uniq_sigmund,
          uniq_jessica
D:4:      layout_loops_cross, first_ration, serial_shops, shop,
          nicolae_ossuary_entry_false_entrances, fountainhead
D:5:      layout_gridville, lemuel_round_altar, temple_fountains
D:6:      layout_basic
Temple:   chequers_temple_sunken

Skill      XL: |  1  2  3  4  5  6  7  8  9 |
---------------+----------------------------+-----
Fighting       | 1 2 3 4 5 6 7 |  7.3
Unarmed Combat | 1 |  1.9
Dodging        | 2 3 |  3.0
Armour         | 1 2 4 |  4.4
Necromancy     | 5 |  5.9
Long Blades    | 1 4 |  4.9
Spellcasting   | 3 |  3.1
Stealth        | |  1.7

Action                   |  1- 3 |  4- 6 |  7- 9 || total
-------------------------+-------+-------+-------++-------
Melee: Club              |    63 |       |       ||    63
       Unarmed           |    88 |    53 |   147 ||   288
       Flail             |       |    14 |       ||    14
       Punch             |       |     2 |     5 ||     7
       Falchion          |       |       |   106 ||   106
       Dagger            |       |       |    18 ||    18
 Fire: Hunting sling     |       |    56 |    25 ||    81
Throw: Dart              |       |       |     1 ||     1
 Cast: Pain              |    40 |    59 |    92 ||   191
       Animate Skeleton  |     4 |       |     3 ||     7
       Animate Dead      |       |       |     3 ||     3
Invok: Receive Corpses   |       |       |     2 ||     2
  Use: Scroll            |       |     8 |     4 ||    12
       Potion            |       |     1 |     3 ||     4
 Stab: Sleeping          |     9 |       |     1 ||    10
  Eat: Chunk             |     6 |     6 |    11 ||    23
       Ration            |       |     1 |       ||     1
Armor: Robe              |    72 |    16 |       ||    88
       Ring mail         |       |    35 |    76 ||   111
       Skin              |       |    16 |       ||    16
       Leather armour    |       |       |    88 ||    88
Dodge: Dodged            |   118 |    68 |   196 ||   382
       Rpst.: Falchion   |       |       |    23 ||    23

Table legend:
 A = Non-vault XP
 B = Vault XP
 C = Vault XP percentage of total XP
 D = Non-vault monster count
 E = Vault monster count
 F = Vault count percentage of total count
                 A         B        C        D         E       F
            +---------+---------+-------+---------+---------+-------
      Total |    2865 |     313 |   9.8 |     145 |       9 |   5.8
            +---------+---------+-------+---------+---------+-------
        D:1 |      39 |       0 |   0.0 |      25 |       0 |   0.0
        D:2 |      76 |      45 |  37.2 |      25 |       7 |  21.9
        D:3 |      52 |     268 |  83.8 |      20 |       2 |   9.1
        D:4 |     497 |       0 |   0.0 |      16 |       0 |   0.0
        D:5 |     403 |       0 |   0.0 |      27 |       0 |   0.0
        D:6 |    1798 |       0 |   0.0 |      32 |       0 |   0.0
            +---------+---------+-------+---------+---------+-------
